 Dungeon Sprint DCSS version 0.30-a0-297-g0ec75d9ef4 (webtiles) character file.

Game seed: 2173839297137486009

1483 mhtbhm the Protected (level 8, -1/80 HPs)
             Began as an Armataur Fighter on Oct 19, 2022.
             Was an Elder of Okawaru.
             Slain by a shadow (19 damage)
             ... in the Dungeon (Sprint IX: "|||||||||||||||||||||||||||||").
             The game lasted 00:01:27 (326 turns).

mhtbhm the Protected (Armataur Fighter)              Turns: 326, Time: 00:01:28

Health: -1/80      AC: 11    Str: 27    XL:     8   Next: 50%
Magic:  13/13      EV:  9    Int:  9    God:    Okawaru [****..]
Gold:   0          SH:  6    Dex: 12    Spells: 7/7 levels left

rFire   . . .      SeeInvis .    a - +2 scimitar (holy)
rCold   . . .      Faith    .    c - +0 buckler
rNeg    . . .      Spirit   .    b - +1 scale mail
rPois   .          Reflect  .    (no helmet)
rElec   .          Harm     .    m - +0 cloak
rCorr   .          Roll     +    (no gloves)
Will    .....      NoTele   +    (no barding)
Stlth   ..........               (no amulet)
HPRegen 0.33/turn                n - +3 ring of dexterity
MPRegen 0.13/turn                o - +3 ring of strength

@: invisible
A: large, rugged brown scales 3, deformed body, armoured tail, roll, long
tongue, awkward tongue
a: Renounce Religion, Heroism, Finesse


You were in the Dungeon.
You worshipped Okawaru.
Okawaru was greatly pleased with you.
You visited 1 branch

Inventory:

Hand Weapons
 a - a +2 scimitar of holy wrath (weapon)
Armour
 b - a +1 scale mail (worn)
 c - a +0 buckler (worn)
 m - a +0 cloak (worn)
Jewellery
 n - a +3 ring of dexterity (left hand)
 o - a +3 ring of strength (right hand)
Wands
 l - a wand of roots (8)
Scrolls
 j - 2 scrolls of blinking
 k - 2 scrolls of amnesia
Potions
 e - 3 potions of curing
 g - a potion of haste
 h - 4 potions of magic


   Skills:
 + Level 8.6 Fighting
 + Level 7.8 Long Blades
 + Level 11.2 Armour
 + Level 2.6 Dodging
 + Level 9.2 Shields
 * Level 7.8 Invocations
 + Level 1.5 Evocations


You had 7 spell levels left.
You didn't know any spells.
Your spell library was empty.

Dungeon Overview and Level Annotations

Branches:
Dungeon (1/1)

Altars:
Cheibriados
Dithmenos
Elyvilon
Fedhas
Gozag
Hepliaklqana
Kikubaaqudgha
Makhleb
Nemelex Xobeh
Okawaru
Qazlal
Ru
Sif Muna
Trog
Uskayaw
Vehumet
Wu Jian
Xom
Yredelemnul
Zin
The Shining One
Jiyva
Lugonu


Innate Abilities, Weirdness & Mutations

You are completely covered in rugged brown scales. (AC +3, +7% HP)
Armour fits poorly on your strangely shaped body.
You have a long armoured tail.
You roll when moving toward enemies. (Rampage)
Your long tongue fully drains potion bottles. (2x potion effects)
Your tongue gives you trouble enunciating. (1.5x scroll delay)


Message History

Unknown command.
You barely miss the manticore.
The manticore is severely wounded.
The manticore barely misses you.
The manticore claws you but does no damage.
The manticore claws you.
You closely miss the manticore. You tail-slap the manticore.
The manticore is almost dead.
The manticore bites you but does no damage.
The manticore claws you. x2
Unknown command.
You closely miss the manticore.
The manticore is almost dead.
The manticore bites you. The manticore claws you!
* * * LOW HITPOINT WARNING * * *
You block the manticore's attack.
You slash the manticore!
You kill the manticore!
Okawaru is honoured by your kill.
You can now speed up your combat.
Your Armour skill increases to level 11!
Your Shields skill increases to level 9!
Unknown command.
Something unexpectedly blocked you, preventing you from rolling!
You slash something!
The shadow strikes at you from the darkness!
* * * LOW HITPOINT WARNING * * *
Reactivating autopickup.
Unknown command.
You hit the shadow.
The shadow convulses.
The shadow is almost destroyed.
The shadow barely misses you.
You barely miss the shadow.
The shadow is almost destroyed.
The shadow slips into darkness.
The shadow flickers and vanishes!
Deactivating autopickup; reactivate with Ctrl-A.
Something unexpectedly blocked you, preventing you from rolling!
You closely miss something.
The shadow strikes at you from the darkness!
You die...

▓+▓
▓.▓
▓.▓
▓y▓
▓{▓
▓@▓
▓.▓
▓†▓
▓.▓
▓.▓
▓.▓
▓.▓
▓.▓
▓.▓


You could see a vampire mosquito (unable to see you).

Vanquished Creatures
  A centaur warrior (D)
  A manticore (D)
  A troll (D)
  A wyvern (D)
  A yak (D)
  2 orc warriors (D)
  A wight (D)
  A hound (D)
  An adder (D)
  2 orcs (D)
  A hobgoblin (D)
  A quokka (D)
  2 bats (D)
  A frilled lizard (D)
  A kobold (D)
18 creatures vanquished.

Vanquished Creatures (others)
  A boulder beetle (D)
  A centaur (D)
2 creatures vanquished.

Grand Total: 20 creatures vanquished

Notes
Turn   | Place    | Note
-------+----------+-------------------------------------------
     0 | D        | mhtbhm the Armataur Fighter began the quest for the Orb.
     0 | D        | Reached XP level 1. HP: 19/19 MP: 1/1
    12 | D        | Reached skill level 4 in Armour
    33 | D        | Noticed a hound
    40 | D        | Reached XP level 2. HP: 27/27 MP: 2/2
    46 | D        | Reached skill level 5 in Armour
    46 | D        | Reached skill level 5 in Shields
    46 | D        | Reached XP level 3. HP: 35/35 MP: 3/3
    60 | D        | Found a snail-covered altar of Cheibriados.
    60 | D        | Found a shadowy altar of Dithmenos.
    60 | D        | Found a white marble altar of Elyvilon.
    60 | D        | Found a blossoming altar of Fedhas.
    60 | D        | Found an opulent altar of Gozag.
    61 | D        | Found a hazy altar of Hepliaklqana.
    62 | D        | Found a viscous altar of Jiyva.
    63 | D        | Found an ancient bone altar of Kikubaaqudgha.
    64 | D        | Found a corrupted altar of Lugonu.
    65 | D        | Found a burning altar of Makhleb.
    66 | D        | Found a sparkling altar of Nemelex Xobeh.
    67 | D        | Found an iron altar of Okawaru.
    68 | D        | Found a stormy altar of Qazlal.
    69 | D        | Found a sacrificial altar of Ru.
    70 | D        | Found a shimmering blue altar of Sif Muna.
    71 | D        | Found a bloodstained altar of Trog.
    72 | D        | Found a hide-covered altar of Uskayaw.
    73 | D        | Found a radiant altar of Vehumet.
    74 | D        | Found an ornate altar of the Wu Jian Council.
    75 | D        | Became a worshipper of Warmaster Okawaru
    76 | D        | Found a shimmering altar of Xom.
    77 | D        | Found a basalt altar of Yredelemnul.
    78 | D        | Found a glowing silver altar of Zin.
    79 | D        | Found a glowing golden altar of the Shining One.
   130 | D        | Noticed a wight
   130 | D        | Noticed a troll
   130 | D        | Noticed an orc warrior
   130 | D        | Noticed an orc warrior
   130 | D        | Noticed a wyvern
   130 | D        | Noticed a yak
   135 | D        | Killed a yak
   135 | D        | Reached * piety under Okawaru
   136 | D        | Reached skill level 5 in Fighting
   136 | D        | Reached skill level 7 in Armour
   136 | D        | Reached skill level 1 in Dodging
   136 | D        | Reached XP level 4. HP: 35/47 MP: 3/6
   136 | D        | Reached XP level 5. HP: 40/53 MP: 3/7
   138 | D        | Killed a wyvern
   139 | D        | Reached skill level 8 in Armour
   139 | D        | Reached XP level 6. HP: 41/62 MP: 3/9
   148 | D        | Killed an orc warrior
   149 | D        | Reached skill level 5 in Long Blades
   149 | D        | Reached skill level 9 in Armour
   149 | D        | Reached skill level 5 in Invocations
   151 | D        | Killed an orc warrior
   152 | D        | Reached XP level 7. HP: 37/70 MP: 5/11
   159 | D        | Killed a troll
   159 | D        | Reached ** piety under Okawaru
   160 | D        | Reached skill level 10 in Armour
   160 | D        | Reached skill level 1 in Evocations
   297 | D        | Noticed a vampire mosquito
   297 | D        | Noticed a shadow
   297 | D        | Noticed a manticore
   297 | D        | Noticed a centaur warrior
   297 | D        | Noticed a boulder beetle
   304 | D        | Killed a boulder beetle
   315 | D        | Killed a centaur warrior
   315 | D        | Reached *** piety under Okawaru
   316 | D        | Reached XP level 8. HP: 47/79 MP: 13/13
   322 | D        | Killed a manticore
   322 | D        | Reached **** piety under Okawaru
   323 | D        | Reached skill level 11 in Armour
   326 | D        | Slain by a shadow

Illustrated notes

Levels and vault maps discovered:
D:        linesprint [early_d, line_temple, items_1, d_10, items_2, lair_1,
          lair_end, items_3, orc_1, orc_end, items_4, d_15, swamp_1, shoals_1,
          snake_1, spider_1, d_20, vaults_1, items_5, swamp_end, shoals_end,
          snake_end, spider_end, vaults_end, d_27, items_6, zot_1, zot_end,
          crypt_end, forest_end, elf_end, slime_end, tomb_end, abyss_end,
          pan_hell_end]

Skill      XL: |  1  2  3  4  5  6  7  8 |
---------------+-------------------------+-----
Fighting       | 3 4 5 6 7 8 |  8.6
Armour         | 4 5 7 8 9 10 11 | 11.2
Long Blades    | 2 3 4 5 7 |  7.8
Shields        | 4 5 6 7 8 9 |  9.2
Dodging        | 1 2 |  2.6
Invocations    | 3 4 5 7 |  7.8
Evocations     | 1 |  1.5

Action                   |  1- 3 |  4- 6 |  7- 9 || total
-------------------------+-------+-------+-------++-------
Melee: Long sword        |    40 |       |       ||    40
       Tailslap          |     4 |     3 |     7 ||    14
       Scimitar          |     2 |    13 |    35 ||    50
Evoke: Wand              |     1 |     1 |       ||     2
  Use: Potion            |     2 |     2 |     4 ||     8
Armor: Scale mail        |    17 |     4 |    25 ||    46
Dodge: Dodged            |    16 |     8 |    21 ||    45
Block: Buckler           |     5 |     4 |    17 ||    26

Table legend: (Time is in decaauts)
 A = Elapsed time spent in this place.
 B = Non-inter-level travel time spent in this place.
 C = Inter-level travel time spent in this place.
 D = Time resting spent in this place.
 E = Time spent auto-exploring this place.
 F = Levels seen in this place.
 G = Mean time per level.
                   A        B        C        D        E       F      G
               +--------+--------+--------+--------+--------+-----+--------+
         Total |    347 |    347 |      0 |    129 |      3 |   1 |  347.0 |
       Dungeon |    347 |    347 |      0 |    129 |      3 |   1 |  347.0 |
               +--------+--------+--------+--------+--------+-----+--------+

Top non-repeatable levels by time:
       D: 347 daAuts
